 Dungeon Crawl Stone Soup version 0.22-a0-274-gf8199ec (webtiles) character file.

10536 neds the Brawler (level 11, 0/92 HPs)
             Began as a Troll Hunter on Mar 14, 2018.
             Was an Elder of the Shining One.
             Slain by a six-headed hydra (11 damage)
             ... on level 1 of the Lair of Beasts.
             The game lasted 00:57:22 (10840 turns).

neds the Brawler (Troll Hunter)                    Turns: 10840, Time: 00:57:23

Health: 0/92       AC:  9    Str: 24    XL:     11   Next: 37%
Magic:  12/12      EV:  9    Int:  7    God:    the Shining One [****..]
Gold:   1111       SH: 10    Dex: 13    Spells: 9/10 levels left

rFire    . . .     SeeInvis .   B - +2 spear (freeze)
rCold    . . .     Gourm    +   y - +0 shield
rNeg     + + .     Faith    .   b - +1 robe
rPois    .         Spirit   .   (helmet restricted)
rElec    .         Reflect  .   A - +2 cloak
rCorr    .         Harm     .   (gloves unavailable)
MR       +....                  (boots unavailable)
Stlth    +.........             (no amulet)
HPRegen  0.65/turn              j - +2 ring of strength
MPRegen  0.13/turn              z - ring of protection from magic

@: glowing
A: large, unfitting armour, claws 3, fast metabolism 3, gourmand, regeneration
1, shaggy fur 1, tough skin 2
a: Divine Shield, Cleansing Flame, Renounce Religion


You were on level 1 of the Lair of Beasts.
You worshipped the Shining One.
The Shining One was greatly pleased with you.
You were very full.

You visited 2 branches of the dungeon, and saw 13 of its levels.

You collected 1150 gold pieces.
You spent 39 gold pieces at shops.

Inventory:

Hand Weapons
 a - a +0 short sword
 r - the +8 hunting sling "Hipiren" {velocity, +Fly, unknown}
   (You found it on level 4 of the Dungeon)

   Any stone fired from it inflicts extra damage.
   It lets you fly.
 B - a +2 spear of freezing (weapon)
Missiles
 c - 5 large rocks (quivered)
 d - 4 throwing nets
Armour
 b - a +1 robe (worn)
 s - a +0 shield
 y - a +0 shield (worn)
 A - a +2 cloak (worn)
 R - a +0 cloak of poison resistance
Jewellery
 j - a +2 ring of strength (left claw)
 k - a +1 ring of protection
 p - an uncursed ring of wizardry
 w - an uncursed ring of see invisible
 z - a ring of protection from magic (right claw)
 J - an uncursed ring of resist corrosion
 U - an uncursed amulet of guardian spirit {unknown}
Wands
 q - a wand of flame (113)
 x - a wand of digging (30)
 D - a wand of enslavement (15)
 E - a wand of disintegration (21)
 H - a wand of clouds (9)
 N - a wand of polymorph (13)
Scrolls
 g - 6 scrolls of identify
 m - 4 scrolls of enchant weapon
 n - 5 scrolls of remove curse
 t - 2 scrolls of fear {unknown}
 u - 6 scrolls of enchant armour
 v - a scroll of random uselessness {unknown}
 C - a scroll of amnesia {unknown}
 G - a scroll of immolation {unknown}
 K - 2 scrolls of magic mapping
 Q - a scroll of blinking {unknown}
 V - a scroll of noise {unknown}
 W - a scroll of teleportation
Potions
 e - 2 potions of agility
 h - 4 potions of heal wounds {unknown}
 i - 3 potions of flight
 l - 4 potions of curing
 o - 2 potions of mutation {unknown}
 F - a potion of might {unknown}
 I - 2 potions of invisibility {unknown}
 L - a potion of lignification {unknown}
 M - 2 potions of berserk rage {unknown}
 P - 2 potions of ambrosia {unknown}
 S - a potion of degeneration {unknown}
 T - a potion of magic {unknown}
Comestibles
 f - 30 rations


   Skills:
 - Level 1.5 Fighting
 - Level 3.6 Throwing
 - Level 1.5 Dodging
 - Level 0.3 Stealth
 - Level 5.8 Shields
 + Level 15.3 Unarmed Combat
 - Level 3.0 Invocations


You had 9 spell levels left.
You knew the following spells:

 Your Spells              Type           Power        Failure   Level  Hunger
a - Beastly Appendage     Tmut           #.....       67%         1    ##.....


Dungeon Overview and Level Annotations

Branches:
Dungeon (11/15)            Temple (0/1) D:4            Lair (2/6) D:11
  Swamp: Lair:2-4    Shoals: Lair:2-4     Snake: Lair:2-4    Spider: Lair:2-4
    Orc: D:9-12

Altars:
Ashenzari
Fedhas
Okawaru
Ru
Sif Muna
Trog
Uskayaw
Wu Jian
Xom
The Shining One

Shops:
D:4 =   D:7 %   D:9 (

Annotations:
D:9 Gastronok


Innate Abilities, Weirdness & Mutations

You are too large for most types of armour.
You have claws for hands.
Your metabolism is lightning-fast.
You like to eat raw meat.
Your natural rate of healing is unusually fast.
You are covered in fur. (AC +1)
You have very tough skin. (AC +2)


Message History

The six-headed hydra bites you. x2
* * * LOW HITPOINT WARNING * * *
There is a stone staircase leading up, spattered with blood here.
You block the six-headed hydra's attack.
The six-headed hydra bites you!
* * * LOW HITPOINT WARNING * * *
The six-headed hydra bites you!
* * * LOW HITPOINT WARNING * * *
The six-headed hydra barely misses you. The six-headed hydra bites you!
* * * LOW HITPOINT WARNING * * *
The six-headed hydra bites you but does no damage.
You climb upwards.
There is a stone staircase leading down, spattered with blood here.
All of the chunks of flesh in your inventory have rotted away.
The six-headed hydra bites you! x2
* * * LOW HITPOINT WARNING * * *
The six-headed hydra bites you!
* * * LOW HITPOINT WARNING * * *
The six-headed hydra bites you!
You die...

.##...###..........####..# ##..
.###.###.#...............#####.#.
....## ##.....>...####...........
###..## ##........# ####.##.##P.
##..###.###>..### ########.
##...#.## ##.## #.. ##P.#...#
##.######## #..
#...#...####.#D##.##P## ##..
#.#.###.....###@......# #...
#........#.#.#..###P.## #...
###.#..######...# #..# #...
#......# ##P.# ##.# ##.P ##.#P.##
##.# #.# #... ####.# ###.# #.##
##.## ##.# ##.P.####..######..#
#..# #....P##P.###.##P..## ##.#
##.P#####............


You could see a six-headed hydra.

Vanquished Creatures
  An unseen horror (D:11)
  2 manticores
  A komodo dragon (Lair:2)
  A troll (D:10)
  3 blink frogs (Lair:2)
  2 hippogriffs (D:10)
  A vampire (D:7)
  15 yaks
  A water moccasin (D:8)
  A porcupine (Lair:1)
  2 black bears
  2 ice beasts
  3 orc warriors
  3 ogres
  6 sky beasts
  3 phantoms
  6 wolves
  6 centaurs
  A big kobold (D:8)
  3 bullfrogs
  A gnoll sergeant (D:4)
  A wyvern skeleton (D:8)
  A scorpion (D:7)
  A water moccasin skeleton (D:8)
  7 wights (D:7)
  A howler monkey (D:5)
  A bullfrog zombie (D:5)
  4 crimson imps
  A centaur zombie (D:5)
  A quasit (D:10)
  2 jellies (D:7)
  A bullfrog skeleton (D:5)
  6 hounds
  2 orc priests
  3 gnoll shamans (D:4)
  5 orc wizards
  2 centaur skeletons
  2 iguanas
  8 worker ants
  A hound zombie (D:7)
  8 adders
  34 gnolls
  5 shadow imps
  5 worms
  4 dart slugs
  6 leopard geckos
  33 orcs
  4 giant cockroaches
  11 goblins
  10 hobgoblins
  14 jackals (D:4)
  7 quokkas
  A ball python (D:2)
  10 bats
  3 frilled lizards
  5 kobolds
  8 rats
  4 bushes (D:4)
  A plant (D:4)
287 creatures vanquished.

Notes
Turn   | Place    | Note
-------+----------+-------------------------------------------
     0 | D:1      | neds the Troll Hunter began the quest for the Orb.
     0 | D:1      | Reached XP level 1. HP: 19/19 MP: 0/0
    70 | D:1      | Reached skill level 1 in Unarmed Combat
   128 | D:1      | Reached XP level 2. HP: 27/27 MP: 1/1
   244 | D:1      | Reached skill level 2 in Unarmed Combat
   647 | D:2      | Reached XP level 3. HP: 27/33 MP: 2/2
   810 | D:2      | Reached skill level 3 in Unarmed Combat
   899 | D:2      | Found a shimmering altar of Xom.
  1306 | D:3      | Reached XP level 4. HP: 29/41 MP: 3/3
  1426 | D:3      | Reached skill level 4 in Unarmed Combat
  1502 | D:3      | You fall through a shaft for 2 floors!
  1502 | D:5      | Entered Level 5 of the Dungeon
  1862 | D:3      | Reached XP level 5. HP: 48/48 MP: 4/4
  1985 | D:3      | Found a shattered altar of Ashenzari.
  1985 | D:3      | Found a hide-covered altar of Uskayaw.
  1986 | D:3      | Found an iron altar of Okawaru.
  2031 | D:3      | Found a glowing golden altar of the Shining One.
  2039 | D:3      | Became a worshipper of the Shining One
  2526 | D:4      | Reached skill level 5 in Unarmed Combat
  2583 | D:4      | Found Carry's Jewellery Boutique.
  2620 | D:4      | Bought a +1 ring of protection for 39 gold pieces
  2882 | D:4      | Got a transparent hunting sling
  3271 | D:4      | Noticed a centaur
  3312 | D:4      | Reached skill level 6 in Unarmed Combat
  3312 | D:4      | Reached XP level 6. HP: 54/55 MP: 5/5
  3352 | D:4      | Found an ornate altar of the Wu Jian Council.
  3580 | D:4      | Reached skill level 7 in Unarmed Combat
  3677 | D:4      | Reached XP level 7. HP: 55/62 MP: 6/6
  3916 | D:4      | Reached skill level 8 in Unarmed Combat
  3918 | D:4      | Found a blossoming altar of Fedhas.
  4029 | D:4      | Found a staircase to the Ecumenical Temple.
  4433 | D:5      | Reached * piety under the Shining One
  4455 | D:5      | Reached skill level 9 in Unarmed Combat
  4729 | D:5      | Reached XP level 8. HP: 70/70 MP: 7/7
  4844 | D:5      | Found a bloodstained altar of Trog.
  5335 | D:6      | Reached skill level 10 in Unarmed Combat
  5615 | D:6      | Found a sacrificial altar of Ru.
  5679 | D:6      | Reached skill level 1 in Shields
  5967 | D:7      | Found Wimus's Food Shop.
  6190 | D:7      | Reached XP level 9. HP: 73/76 MP: 8/8
  6266 | D:7      | Reached ** piety under the Shining One
  6320 | D:7      | Reached skill level 11 in Unarmed Combat
  6821 | D:7      | Found a deep blue altar of Sif Muna.
  7021 | D:8      | Reached skill level 5 in Shields
  7304 | D:8      | Noticed a manticore
  7313 | D:8      | Killed a manticore
  7313 | D:8      | Reached skill level 12 in Unarmed Combat
  7511 | D:8      | Learned a level 1 spell: Beastly Appendage
  7784 | D:9      | Reached XP level 10. HP: 76/85 MP: 9/9
  7785 | D:9      | Noticed Gastronok
  7785 | D:9      | Reached *** piety under the Shining One
  7815 | D:8      | Reached skill level 1 in Invocations
  8038 | D:9      | Noticed a manticore
  8043 | D:9      | Killed a manticore
  8208 | D:9      | Found Sotwyc's Antique Weapon Shop.
  8641 | D:10     | Entered Level 10 of the Dungeon
  8849 | D:10     | Reached skill level 13 in Unarmed Combat
  9243 | D:11     | Noticed a cyan ugly thing
  9300 | D:11     | Noticed a six-headed hydra
  9444 | D:11     | Reached **** piety under the Shining One
  9444 | D:11     | Reached skill level 14 in Unarmed Combat
  9457 | D:11     | Reached XP level 11. HP: 75/92 MP: 12/12
  9519 | D:11     | Noticed an unseen horror
  9524 | D:11     | Killed an unseen horror
  9537 | D:11     | Found a staircase to the Lair.
  9575 | Lair:1   | Entered Level 1 of the Lair of Beasts
 10427 | Lair:2   | Reached skill level 15 in Unarmed Combat
 10715 | Lair:2   | Noticed a six-headed hydra
 10785 | Lair:2   | HP: 4/92 [six-headed hydra (7)]
 10840 | Lair:1   | Slain by a six-headed hydra

Vault maps used:
D:1:      lightli_arrival_chessboard, hangedman_decor_growths
D:2:      old_standard_altar
D:3:      lemuel_coloured_pillars_altar, gammafunk_temple_overflow_claw,
          serial_co_window_serial, co_window_paths_a, co_window_cross_1,
          co_window_paths_a, co_window_of_opportunity_a, co_window_paths_a,
          co_window_paths_a, co_window_paths_a, co_window_broadway_c,
          co_window_paths_c, co_window_corner_b, co_window_of_opportunity_b,
          co_window_2corner, co_window_paths_c, co_window_paths_d,
          glass_columns_b, glass_columns_b
D:4:      lemuel_castle_with_subvaults, kennysheep_mini_moat,
          minmay_temple_entry_enclosed_plants, serial_shops, shop, serial_glass,
          glass_columns_a, glass_columns_a, glass_columns_c, glass_columns_a,
          fedhas_bush_and_centaur_altar
D:5:      lightli_temple_of_fire, first_ration, nrook_pool_corridor,
          kennysheep_generic_room_7
D:6:      nicolae_ru_sacrificial_ziggurat, hangedman_decor_peaks_small,
          zaba_anthole
D:7:      kennysheep_mini, serial_shops, shop, grunt_ogre_cave
D:8:      minmay_goldmine
D:9:      serial_shops, nicolae_shop_crystal, uniq_gastronok
D:11:     lair_entry_dummy, orc_0_dummy, kennysheep_generic_room_8, uniq_fannar

Skill      XL: |  1  2  3  4  5  6  7  8  9 10 11 |
---------------+----------------------------------+-----
Unarmed Combat | 1 2 3 4 6 7 9 10 12 14 15 | 15.3
Shields        | 3 5 |  5.8
Invocations    | 3 |  3.0
Fighting       | |  1.5
Throwing       | |  3.6
Dodging        | |  1.5
Stealth        | |  0.3

Action                   |  1- 3 |  4- 6 |  7- 9 | 10-12 || total
-------------------------+-------+-------+-------+-------++-------
Melee: Unarmed           |   130 |   259 |   303 |   182 ||   874
       Short sword       |     5 |       |       |       ||     5
       Punch             |     1 |     5 |     7 |       ||    13
       Spear             |       |       |       |     3 ||     3
Throw: Large rock        |       |     2 |     8 |     6 ||    16
  Use: Scroll            |       |     5 |     5 |       ||    10
 Stab: Sleeping          |     1 |     1 |       |       ||     2
  Eat: Chunk             |    17 |    22 |    37 |    28 ||   104
Armor: Robe              |    68 |    74 |    51 |    21 ||   214
Dodge: Dodged            |    87 |   134 |    60 |    54 ||   335
Block: Shield            |       |       |    43 |    67 ||   110

Table legend:
 A = Spawn XP
 B = Non-spawn XP
 C = Spawn XP percentage of total XP
 D = Spawn monster count
 E = Non-spawn monster count
 F = Spawn count percentage of total count
 G = Total turns spent on level
                    A         B        C        D         E        F      G
               +---------+---------+-------+---------+---------+-------+---------
         Total |       0 |   15052 |   0.0 |       0 |     282 |   0.0 | 10840
               +---------+---------+-------+---------+---------+-------+---------
           D:1 |       0 |      42 |   0.0 |       0 |      18 |   0.0 |   654
           D:2 |       0 |      38 |   0.0 |       0 |      21 |   0.0 |   633
           D:3 |       0 |     125 |   0.0 |       0 |      28 |   0.0 |  1106
           D:4 |       0 |     889 |   0.0 |       0 |      61 |   0.0 |  1991
           D:5 |       0 |     648 |   0.0 |       0 |      18 |   0.0 |   899
           D:6 |       0 |     507 |   0.0 |       0 |      16 |   0.0 |   682
           D:7 |       0 |    1341 |   0.0 |       0 |      23 |   0.0 |   886
           D:8 |       0 |    2072 |   0.0 |       0 |      31 |   0.0 |  1011
           D:9 |       0 |    1292 |   0.0 |       0 |      13 |   0.0 |   779
          D:10 |       0 |    1830 |   0.0 |       0 |      11 |   0.0 |   497
          D:11 |       0 |    3361 |   0.0 |       0 |      26 |   0.0 |   437
        Lair:1 |       0 |     583 |   0.0 |       0 |       5 |   0.0 |   872
        Lair:2 |       0 |    2324 |   0.0 |       0 |      11 |   0.0 |   393
               +---------+---------+-------+---------+---------+-------+---------
